 Dungeon Crawl Stone Soup version 0.30.0-29-ga12c61a403 (webtiles) character file.

Game seed: 13563010615261082039

407 Elmgren the Skirmisher (level 6, -8/35 HPs)
             Began as a Gargoyle Hunter on June 23, 2023.
             Mangled by an ice beast (14 damage)
             ... on level 4 of the Dungeon.
             The game lasted 00:11:17 (3798 turns).

Elmgren the Skirmisher (Gargoyle Hunter)            Turns: 3798, Time: 00:11:18

Health: -8/35      AC: 10    Str: 14    XL:     6   Next: 88%
Magic:  6/6        EV: 11    Int: 10    God:
Gold:   250        SH:  0    Dex: 15    Spells: 5/5 levels left

rFire   . . .        a - +1 shortbow
rCold   . . .        (shield currently unavailable)
rNeg    + + .        c - +1 leather armour
rPois   ∞            (no helmet)
rElec   +            (no cloak)
rCorr   +            n - +1 pair of gloves
SInv    .            (no boots)
Will    .....        (no amulet)
Stlth   ++           f - ring of resist corrosion
HPRegen 0.25/turn    k - ring of positive energy
MPRegen 0.10/turn

%: no passive effects
@: no status effects
A: sickness immunity, AC +4, negative energy resistance 1, electricity
resistance, torment resistance 1, petrification resistance
a: no special abilities


You were on level 4 of the Dungeon.
You visited 1 branch of the dungeon, and saw 4 of its levels.
You also visited: Ossuary.

You collected 250 gold pieces.

Inventory:

Hand Weapons
 a - a +1 shortbow (weapon)
Armour
 c - a +1 leather armour (worn)
 n - a +1 pair of gloves (worn)
Jewellery
 f - a ring of resist corrosion (left hand)
 k - a ring of positive energy (right hand)
 q - a +5 ring of evasion
Wands
 p - a wand of mindburst (12)
Scrolls
 b - a scroll of immolation
 o - a scroll of fear
Potions
 d - a potion of mutation {unknown}
 e - 3 potions of berserk rage
 g - 4 potions of curing
 i - 3 potions of heal wounds
 j - a potion of brilliance {unknown}
 l - a potion of attraction {unknown}
 m - 3 potions of might
 r - a potion of ambrosia {unknown}
 t - 2 potions of lignification {unknown}
 u - 2 potions of haste {unknown}
 v - a potion of magic {unknown}
 w - a potion of degeneration {unknown}


   Skills:
 - Level 2.1 Fighting
 + Level 8.0 Ranged Weapons
 - Level 1.5 Dodging
 - Level 1.1 Stealth


You had 5 spell levels left.
You didn't know any spells.
Your spell library contained the following spells:

 Spells                   Type           Power      Damage    Failure   Level
 Ignite Poison            Fire/Tmut/Pois 0%         N/A       82%         3
 Freezing Cloud           Conj/Ice/Air   0%         6-21      100%        5
 Cigotuvi's Dreadful Rot  Necr/Pois/Air  Unusable   N/A       N/A         2

Dungeon Overview and Level Annotations

Branches:
Dungeon (4/15) Zot: 21007 Ossuary (visited)
 Temple: D:4-7

Altars:
Cheibriados

Shops:
D:1 =


Innate Abilities, Weirdness & Mutations

You are immune to sickness and miasma.
Your stone body is resilient. (AC +4)
You are immune to poison.
You resist negative energy. (rN+)
You are resistant to electric shocks. (rElec)
You are resistant to unholy torment.
You are immune to petrification.


Message History

Press: ? - help, Q - select action, (/) - cycle Shift-Dir - straight line, f/p - ice beast
Aim: an ice beast (65% to hit)
You shoot an arrow. The arrow hits the ice beast.
You see here a hobgoblin skeleton.
Fire: a) +1 shortbow
Press: ? - help, Q - select action, (/) - cycle Shift-Dir - straight line, f/p - ice beast
Aim: an ice beast (lightly wounded, 65% to hit)
You shoot an arrow. The arrow barely misses the ice beast.
The ice beast hits you but does no damage.
The ice beast attacks as you move away!
The ice beast hits you but does no damage.
The ice beast attacks as you move away!
The ice beast hits you but does no damage.
The ice beast attacks as you move away! The ice beast closely misses you.
The ice beast attacks as you move away!
The ice beast hits you but does no damage.
Fire: a) +1 shortbow
Press: ? - help, Q - select action, (/) - cycle Shift-Dir - straight line, f/p - ice beast
Aim: an ice beast (lightly wounded, 65% to hit)
You shoot an arrow.
The arrow hits the ice beast but does no damage.
The ice beast hits you. The ice beast freezes you!
You take 12 damage, and have 23/35 hp.
MASSIVE DAMAGE!!
Fire: a) +1 shortbow
Press: ? - help, Q - select action, (/) - cycle Shift-Dir - straight line, f/p - ice beast
Aim: an ice beast (lightly wounded, 65% to hit)
You shoot an arrow. The arrow hits the ice beast.
The ice beast misses you. The ice beast attacks as you move away!
The ice beast hits you but does no damage.
The ice beast attacks as you move away!
The ice beast hits you but does no damage.
The ice beast attacks as you move away! The ice beast hits you.
The ice beast freezes you!
* * * LOW HITPOINT WARNING * * *
You take 15 damage, and have 10/35 hp.
MASSIVE DAMAGE!!
The ice beast attacks as you move away! The ice beast hits you.
* * * LOW HITPOINT WARNING * * *
The ice beast freezes you!
You die...

######### ####
#.......# .÷.##
#...Y@..## #.#.##
#.#####..#
.###.#######..###...#
## ##..........#(...#
.# #.#####...8.#.8..#
#.#.# ##...(#....#
##.# #...###...# ###
##.#####..#
#........#


You could see an ice beast.

Vanquished Creatures
  3 water moccasin zombies (Ossuary)
  A hound (D:4)
  Jessica (D:2)
  Ijyb (D:3)
  2 mummies (Ossuary)
  An adder (D:4)
  An ufetubus (D:4)
  4 adder zombies (Ossuary)
  A worm (D:3)
  3 dart slugs
  8 orcs (D:3)
  6 endoplasms
  2 giant cockroaches
  5 gnoll zombies (Ossuary)
  8 goblins
  6 hobgoblins
  A jackal (D:3)
  8 quokkas
  9 ball pythons
  5 bats
  A frilled lizard (D:2)
  3 hobgoblin zombies (Ossuary)
  8 kobolds
  3 kobold zombies (Ossuary)
  2 orc zombies (Ossuary)
  5 rats
98 creatures vanquished.

Notes
Turn   | Place    | Note
-------+----------+-------------------------------------------
     0 | D:1      | Elmgren the Gargoyle Hunter began the quest for the Orb.
     0 | D:1      | Reached XP level 1. HP: 12/12 MP: 1/1
   118 | D:1      | Reached XP level 2. HP: 17/17 MP: 2/2
   275 | D:1      | Reached XP level 3. HP: 21/21 MP: 3/3
   278 | D:1      | Found a faded altar of an unknown god.
   288 | D:1      | Reached skill level 5 in Ranged Weapons
   291 | D:1      | Found Reso Juwn's Jewellery Shop.
  1144 | D:2      | Noticed Jessica
  1154 | D:2      | Killed Jessica
  1155 | D:2      | Reached XP level 4. HP: 24/26 MP: 4/4
  1526 | D:3      | Noticed Ijyb
  1532 | D:3      | Killed Ijyb
  1563 | D:3      | Identified the +0 robe of Ferocious Mirth {rPois}
  1593 | D:3      | Reached skill level 6 in Ranged Weapons
  1785 | D:3      | Reached XP level 5. HP: 30/30 MP: 5/5
  2833 | D:4      | Found a snail-covered altar of Cheibriados.
  2892 | D:4      | Found a sand-covered staircase.
  2903 | Ossuary  | Entered an ossuary
  3252 | Ossuary  | Reached skill level 7 in Ranged Weapons
  3252 | Ossuary  | Reached XP level 6. HP: 25/35 MP: 6/6
  3384 | Ossuary  | Reached skill level 8 in Ranged Weapons
  3769 | D:4      | Noticed an ice beast
  3798 | D:4      | Mangled by an ice beast

Illustrated notes

Levels and vault maps discovered:
D:1:      matt_arrival_spirals, layout_rooms, serial_shops, shop,
          basic_ecumenical_altar
D:2:      layout_basic, serial_park_tiny_1, uniq_jessica
D:3:      kb_forest_paths, layout_basic, uniq_ijyb
D:4:      layout_loops_ring, kennysheep_slug_shrine, mainiacjoe_overflow_swirl,
          gammafunk_ghost_necromancy, enter_ossuary_1, mrwooster_statue_mirror

Skill      XL: |  1  2  3  4  5  6 |
---------------+-------------------+-----
Ranged Weapons | 5 6 7 8 |  8.0
Fighting       | |  2.1
Dodging        | |  1.5
Stealth        | |  1.1

Action                     |  1- 3 |  4- 6 || total
---------------------------+-------+-------++-------
   Fire: Shortbow          |   110 |   202 ||   312
    Use: Scroll            |     2 |    10 ||    12
 Armour: Leather armour    |    19 |    52 ||    71
  Dodge: Dodged            |    40 |    80 ||   120
